 Dungeon Crawl Stone Soup version 0.26-a0-771-g060e6a62af (webtiles) character file.

Game seed: 8831602059116633416

1096 Peloso the Slasher (level 8, -8/69 HPs)
             Began as a Minotaur Fighter on Nov 8, 2020.
             Blown up by a kobold (31 damage)
             ... with a disintegration bolt
             ... on level 6 of the Dungeon.
             The game lasted 00:10:04 (4179 turns).

Peloso the Slasher (Minotaur Fighter)               Turns: 4179, Time: 00:10:04

Health: -8/69      AC: 11    Str: 22    XL:     8   Next: 10%
Magic:  7/7        EV:  7    Int:  5    God:
Gold:   250        SH: 11    Dex: 11    Spells: 7/7 levels left

rFire    . . .     SeeInvis .   a - +1 long sword
rCold    + . .     Faith    .   c - +1 kite shield
rNeg     . . .     Spirit   .   o - +0 chain mail
rPois    .         Reflect  .   (helmet restricted)
rElec    .         Harm     .   m - +0 cloak
rCorr    .         Rampage  .   (no gloves)
MR       .....                  (no boots)
Stlth    ..........             (no amulet)
HPRegen  0.21/turn              i - ring of attention (curse)
MPRegen  0.10/turn              s - ring of protection from cold

@: no status effects
A: retaliatory headbutt, horns 2
a: no special abilities


You were on level 6 of the Dungeon.
You visited 1 branch of the dungeon, and saw 6 of its levels.

You collected 250 gold pieces.

Inventory:

Hand Weapons
 a - a +1 long sword (weapon)
 b - a +0 dagger of draining
Armour
 c - a +1 kite shield (worn)
 j - a +0 scale mail
 m - a +0 cloak (worn)
 o - a +0 chain mail (worn)
Jewellery
 g - an uncursed ring of protection from fire {unknown}
 i - a cursed ring of attention (left hand)
 r - an uncursed ring of protection from magic
 s - a ring of protection from cold (right hand)
Wands
 h - a wand of flame (18)
 n - a wand of enslavement (6)
Scrolls
 k - a scroll of noise {unknown}
 l - a scroll of enchant weapon
 q - 2 scrolls of remove curse
Potions
 d - 2 potions of might
 e - 5 potions of curing
 f - a potion of experience
 p - a potion of haste
 t - a potion of resistance


   Skills:
 + Level 5.5 Fighting
 + Level 7.6 Long Blades
 + Level 5.8 Armour
 + Level 1.8 Dodging
 + Level 0.4 Stealth
 + Level 6.7 Shields


You had 7 spell levels left.
You didn't know any spells.
Your spell library contained the following spells:

 Spells                   Type           Power        Failure   Level
 Summon Small Mammal      Summ           #...         100%        1
 Call Imp                 Summ           #.......     100%        2
 Call Canine Familiar     Summ           #.......     100%        3
 Summon Guardian Golem    Hex/Summ       #.......     100%        3
 Summon Ice Beast         Ice/Summ       #.......     100%        4
 Summon Lightning Spire   Summ/Air       #.......     100%        4


Dungeon Overview and Level Annotations

Branches:
Dungeon (6/15)
 Temple: D:4-7

Altars:
Ashenzari
Elyvilon
Gozag
Makhleb
Uskayaw
Vehumet
Wu Jian
Xom
Zin

Annotations:
D:4 1 runed translucent door, Queen's ghost, amateur TrMo


Innate Abilities, Weirdness & Mutations

You reflexively headbutt those who attack you in melee.
You have a pair of horns on your head.


Message History

You see here a stone.
You hit the gnoll. You headbutt the gnoll.
The gnoll is severely wounded.
The gnoll hits you with a +0 halberd!
The kobold zaps a wand.
You struggle to resist.
You hit the gnoll but do no damage.
The gnoll is severely wounded.
You block the gnoll's attack.
The hobgoblin hits you but does no damage.
The kobold hits you but does no damage.
You hit the gnoll but do no damage.
The gnoll is severely wounded.
The gnoll hits you but does no damage.
The hobgoblin hits you but does no damage.
The kobold hits you but does no damage.
Unknown command.
You hit the gnoll.
You kill the gnoll!
The hobgoblin hits you with a +0 club.
The kobold zaps a wand.
You are blasted!
You die...

#♣♣♣..P♣♣♣♣....♣PPP♣P.
#### ##(''#PPPPP. ...
#..(#P♣♣♣P♣ .$ #.>[# #
# P #.))# .# #()(# .$#
'########(#...#PP
.....$.))$'.$.#..
......g@K.'.$.#..
#################


You could see a hobgoblin and a kobold.

Vanquished Creatures
  Eustachio (D:6)
  An orc warrior (D:5)
  2 ogres
  A centaur (D:5)
  A bullfrog skeleton (D:4)
  2 orc priests
  A centaur skeleton (D:4)
  3 hounds
  A gnoll shaman (D:6)
  4 orc wizards (D:5)
  A worker ant (D:4)
  A hound skeleton (D:4)
  Robin (D:3)
  4 adders
  3 gnolls (D:6)
  An ooze (D:1)
  2 worms (D:2)
  2 dart slugs (D:3)
  3 leopard geckos
  13 orcs
  2 ball pythons
  5 bats
  3 giant cockroaches
  17 goblins
  16 hobgoblins
  7 jackals
  A ball python skeleton (D:5)
  4 frilled lizards
  11 kobolds
  A leopard gecko skeleton (D:4)
  A quokka zombie (D:6)
  11 rats
127 creatures vanquished.

Vanquished Creatures (others)
  An orc wizard (D:5)
  2 plants (D:6)
3 creatures vanquished.

Grand Total: 130 creatures vanquished

Notes
Turn   | Place    | Note
-------+----------+-------------------------------------------
     0 | D:1      | Peloso the Minotaur Fighter began the quest for the Orb.
     0 | D:1      | Reached XP level 1. HP: 19/19 MP: 0/0
   228 | D:1      | Reached XP level 2. HP: 25/27 MP: 1/1
   356 | D:1      | Reached skill level 3 in Long Blades
   456 | D:1      | Found a broken altar of Ashenzari.
   516 | D:1      | Reached XP level 3. HP: 28/33 MP: 2/2
   725 | D:2      | Found a shimmering altar of Xom.
  1074 | D:2      | Found a burning altar of Makhleb.
  1076 | D:2      | Reached XP level 4. HP: 41/41 MP: 3/3
  1171 | D:2      | Found a radiant altar of Vehumet.
  1552 | D:3      | Reached skill level 4 in Long Blades
  1844 | D:3      | Reached XP level 5. HP: 35/47 MP: 4/4
  1884 | D:3      | Noticed Robin
  1900 | D:3      | Killed Robin
  2152 | D:3      | Found a white marble altar of Elyvilon.
  2318 | D:4      | Reached skill level 5 in Long Blades
  2321 | D:4      | Found a runed translucent door.
  2333 | D:4      | Noticed Queen's ghost (amateur TrMo)
  2362 | D:4      | Noticed an ogre
  2366 | D:4      | Reached skill level 1 in Dodging
  2379 | D:4      | Killed an ogre
  2379 | D:4      | Reached XP level 6. HP: 41/53 MP: 5/5
  2497 | D:4      | Noticed a +0 dagger
  2497 | D:4      | Noticed a +0 dagger
  2500 | D:4      | Found a hide-covered altar of Uskayaw.
  2529 | D:4      | Reached skill level 5 in Shields
  2742 | D:4      | Reached skill level 6 in Long Blades
  2844 | D:5      | Entered Level 5 of the Dungeon
  2882 | D:5      | Reached skill level 5 in Armour
  3052 | D:5      | Reached XP level 7. HP: 24/60 MP: 6/6
  3251 | D:5      | Reached skill level 5 in Fighting
  3343 | D:5      | Found an ornate altar of the Wu Jian Council.
  3343 | D:5      | Found an opulent altar of Gozag.
  3344 | D:5      | Found a glowing silver altar of Zin.
  3616 | D:6      | Found an ornate altar of the Wu Jian Council.
  3621 | D:6      | Noticed Eustachio
  3672 | D:6      | Killed Eustachio
  3672 | D:6      | Reached skill level 7 in Long Blades
  4112 | D:6      | Reached XP level 8. HP: 64/68 MP: 7/7
  4179 | D:6      | Blown up by a kobold

Illustrated notes

Levels and vault maps discovered:
D:1:      dpeg_arrival_round_a, layout_basic, ashenzari_altar_1
D:2:      layout_loops_ring, makhleb_blood_cavern_becter, lemuel_crystal_altar,
          lemuel_crystal_altar
D:3:      layout_rooms, elyvilon_altar_5, minmay_misc_feat_iff,
          minmay_quadrilaterals, uniq_robin
D:4:      layout_basic, dancing_weapons_uskayaw, ebering_ghost_sewer_d
D:5:      layout_rooms, gammafunk_temple_overflow_claw,
          minmay_a_box_with_orc_wizards_in_it
D:6:      kennysheep_housing_project, layout_loops_ring,
          amethyst_overflow_temple_binary, basic_altar, gammafunk_ghost_grave,
          kb_rosetta, uniq_maggie, uniq_grinder, uniq_eustachio

Skill      XL: |  1  2  3  4  5  6  7 |
---------------+----------------------+-----
Fighting       | 4 5 |  5.5
Long Blades    | 3 4 5 6 7 |  7.6
Shields        | 4 5 6 |  6.7
Armour         | 4 5 |  5.8
Dodging        | 1 |  1.8
Stealth        | |  0.4

Action                   |  1- 3 |  4- 6 |  7- 9 || total
-------------------------+-------+-------+-------++-------
Melee: Long sword        |    68 |   200 |    98 ||   366
       Headbutt          |     6 |    32 |    18 ||    56
  Use: Scroll            |     3 |     3 |     5 ||    11
Armor: Scale mail        |    32 |    71 |       ||   103
       Chain mail        |       |    31 |    51 ||    82
Dodge: Dodged            |    29 |    48 |    33 ||   110
Block: Kite shield       |    30 |   132 |    66 ||   228
       Rpst.: Long sword |    11 |    14 |     6 ||    31

Table legend: (Time is in decaauts)
 A = Elapsed time spent in this place.
 B = Non-inter-level travel time spent in this place.
 C = Inter-level travel time spent in this place.
 D = Time resting spent in this place.
 E = Time spent auto-exploring this place.
 F = Levels seen in this place.
 G = Mean time per level.
                   A        B        C        D        E       F      G
               +--------+--------+--------+--------+--------+-----+--------+
         Total |   4259 |   4192 |     67 |    340 |   2631 |   6 |  709.8 |
       Dungeon |   4259 |   4192 |     67 |    340 |   2631 |   6 |  709.8 |
               +--------+--------+--------+--------+--------+-----+--------+

Top non-repeatable levels by time:
     D:5: 939 daAuts
     D:2: 815 daAuts
     D:3: 777 daAuts
     D:1: 734 daAuts
     D:4: 580 daAuts
     D:6: 413 daAuts
